 Dungeon Crawl Stone Soup version 0.31-a0-662-g684573625c (webtiles) character file.

Game seed: 5202924377482801517

910 cforsyth the Trooper (level 8, -7/61 HPs)
             Began as a Djinni Cinder Acolyte on Sept 1, 2023.
             Was a Follower of Ignis.
             Killed from afar by a gnoll (19 damage)
             ... with a bolt of dispelling energy
             ... on level 6 of the Dungeon.
             The game lasted 00:06:08 (4872 turns).

cforsyth the Trooper (Djinni Cinder Acolyte)        Turns: 4872, Time: 00:06:09

Health: -7/61      AC:  4    Str: 13    XL:     8   Next: 30%
Gold:   249        EV: 11    Int: 19    God:    Ignis [*.....] SH:  0 Dex:  8

rFire   + + +        a - -1 falchion (flame)
rCold   x . .        (no shield)
rNeg    . . .        b - +0 robe
rPois   ∞            (no helmet)
rElec   .            r - +0 cloak
rCorr   .            m - +0 pair of gloves
SInv    .            (boots unavailable)
Will    .....        (no amulet)
Stlth   +            (no ring)
HPRegen 0.30/turn    (no ring)
MPRegen 0.00/turn

%: infuse magic (-8 HP)
@: flying
A: sickness immunity, fire resistance 2, cold vulnerability 1, float, innate
caster, HP casting, extra vitality 1
a: Renounce Religion, Fiery Armour, Foxfire Swarm, Rising Flame


You were on level 6 of the Dungeon.
You worshipped Ignis.
Ignis was aware of your devotion.
You visited 1 branch of the dungeon, and saw 6 of its levels.

You collected 249 gold pieces.

Inventory:

Hand Weapons
 a - a -1 falchion of flaming (weapon)
Missiles
 v - a throwing net
Armour
 b - a +0 robe (worn)
 m - a +0 pair of gloves (worn)
 r - a +0 cloak (worn)
Scrolls
 c - a scroll of butterflies {unknown}
 d - 8 scrolls of identify {unknown}
 e - 2 scrolls of revelation {unknown}
 h - a scroll of poison {unknown}
 j - a scroll of blinking {unknown}
 k - 2 scrolls of immolation {unknown}
 n - a scroll of teleportation {unknown}
 p - 4 scrolls of fear {unknown}
 q - a scroll of enchant armour {unknown}
 s - a scroll of acquirement {unknown}
 x - 2 scrolls of vulnerability {unknown}
Potions
 f - 2 potions of degeneration {unknown}
 g - 2 potions of might {unknown}
 i - a potion of mutation {unknown}
 l - 2 potions of curing {unknown}
 o - 3 potions of enlightenment {unknown}
 t - a potion of cancellation {unknown}
 u - 2 potions of ambrosia {unknown}
 w - 2 potions of berserk rage {unknown}
 z - a potion of haste {unknown}


   Skills:
 + Level 6.1 Fighting
 + Level 5.5 Long Blades
 + Level 4.1 Spellcasting
 + Level 4.1 Conjurations
 + Level 4.1 Hexes
 + Level 4.1 Summonings
 + Level 4.1 Necromancy
 + Level 4.1 Translocations
 + Level 4.1 Transmutations
 + Level 4.1 Fire Magic
 + Level 4.1 Ice Magic
 + Level 4.1 Air Magic
 + Level 4.1 Earth Magic
 + Level 4.1 Poison Magic


You knew the following spells:

 Your Spells              Type           Power      Damage    Failure   Level
a - Scorch                Fire           38%        2d6       3%          2
b - Kiss of Death         Conj/Necr      76%        2d11      2%          1
c - Lesser Beckoning      Tloc           38%        N/A       3%          2
d - Ensorcelled Hibernat  Hex/Ice        38%        N/A       3%          2
Your spell library was empty.

Dungeon Overview and Level Annotations

Branches:
Dungeon (6/15)
 Temple: D:4-7

Altars:
Ashenzari

Shops:
D:1 ?   D:4 !   D:5 (*   D:6 *


Innate Abilities, Weirdness & Mutations

You are immune to sickness and miasma.
You are immune to poison.
Your flesh is very heat resistant. (rF++)
You are vulnerable to cold. (rC-)
You float through the air rather than walking.
You learn spells naturally, not from books.
Your magical power is your life essence.
You have superior vitality. (+4 MHP)


Message History

A gnoll comes into view.
It is wielding a +0 spear and carrying a wand of quicksilver.
The gnoll shouts!
The gnoll zaps a wand.
The bolt of dispelling energy hits the gnoll!
The bolt of dispelling energy hits you!
A gnoll comes into view. It is wielding a +0 club.
Unknown command.
Unknown command.
Flames lash the gnoll.
The gnoll is heavily wounded.
The gnoll's fire resistance burns away.
The gnoll hits you with a +0 whip.
The gnoll hits you from afar with a +0 spear.
Unknown command.
Unknown command.
Flames lash the gnoll.
The gnoll is heavily wounded.
The gnoll's fire resistance burns away.
The gnoll hits you but does no damage.
Unknown command.
Flames lash the gnoll.
The gnoll is burned terribly!
You kill the gnoll!
The gnoll hits you with a +0 whip.
Unknown command.
You are too injured to fight recklessly!
Unknown command.
You aren't carrying any items that you can evoke.
Casting: Scorch (safe; 3% risk of failure)
Confirm with . or Enter, or press ? or * to list all spells.
Okay, then.
Unknown command.
The gnoll zaps a wand.
The bolt of dispelling energy hits the gnoll!!
The gnoll dies!
The bolt of dispelling energy hits you!
* * * LOW HITPOINT WARNING * * *
The gnoll attacks as it pursues you! The gnoll hits you with a +0 club.
* * * LOW HITPOINT WARNING * * *
The gnoll zaps a wand.
The bolt of dispelling energy hits the gnoll!
The bolt of dispelling energy hits you!!
You die...

### ##+#### #..##
##.....#######...#....#
.......#.........#....#
.......#.........#....# ..<....#
.............# .... .......#
..###.###...# ....
.<.....####.#...@.#...#######..PP
####........#...(.#.##.........∩P
#...........(..g..#........PP.
#........#...(.#..#...........
#........#.....#..g..g.......#
#..###.#####.#####.###.......#
+..#.....#.....#..8..#.......#
#..#..⌠..#..#..#...).#........
##...⌠⌠⌠...###..8†8.8)...###..


You could see 2 gnolls.

Vanquished Creatures
  A wraith (D:6)
  An ogre (D:6)
  2 phantoms
  A scorpion (D:6)
  4 hounds
  A jelly (D:5)
  3 iguanas (D:4)
  An orc wizard (D:5)
  Robin (D:4)
  2 adders
  5 gnolls
  2 white imps
  An ufetubus (D:5)
  A worm (D:3)
  7 orcs
  7 bats
  8 endoplasms
  3 giant cockroaches
  11 hobgoblins
  3 jackals (D:2)
  A quokka (D:4)
  10 ball pythons
  2 frilled lizards (D:1)
  19 goblins
  8 kobolds
  4 rats
109 creatures vanquished.

Vanquished Creatures (others)
  A gnoll (D:6)
  87 foxfires
88 creatures vanquished.

Grand Total: 197 creatures vanquished

Notes
Turn   | Place    | Note
-------+----------+-------------------------------------------
     0 | D:1      | cforsyth the Djinni Cinder Acolyte began the quest for the
                  | Orb.
     0 | D:1      | cforsyth set off with the following spells memorised:
                  | Scorch.
     0 | D:1      | Reached XP level 1. HP: 20/20 MP: 0/0
   166 | D:1      | Reached XP level 2. HP: 7/25 MP: 0/0
   277 | D:1      | Found Agayrra's Magic Scroll Boutique.
   449 | D:1      | Reached XP level 3. HP: 27/30 MP: 0/0
   449 | D:1      | Learned a level 1 spell: Kiss of Death
  1161 | D:2      | Reached XP level 4. HP: 30/36 MP: 0/0
  1864 | D:3      | Noticed a phantom
  1873 | D:3      | Killed a phantom
  1874 | D:3      | Reached skill level 4 in Fighting
  1874 | D:3      | Reached XP level 5. HP: 24/41 MP: 0/0
  1874 | D:3      | Learned a level 2 spell: Lesser Beckoning
  2429 | D:3      | Found a broken altar of Ashenzari.
  2450 | D:3      | Reached XP level 6. HP: 46/48 MP: 0/0
  2855 | D:3      | Found a faded altar of an unknown god.
  3593 | D:4      | Noticed Robin
  3597 | D:4      | Killed Robin
  3664 | D:4      | Found Ypinneq's Distillery.
  4185 | D:5      | Entered Level 5 of the Dungeon
  4185 | D:5      | Found Quthroxao's General Store.
  4221 | D:5      | Reached XP level 7. HP: 44/53 MP: 0/0
  4221 | D:5      | Learned a level 2 spell: Ensorcelled Hibernation
  4318 | D:5      | Reached skill level 5 in Fighting
  4497 | D:5      | Found Suim's Weapon Shop.
  4750 | D:6      | Noticed a wraith
  4760 | D:6      | Reached skill level 5 in Long Blades
  4764 | D:6      | Reached XP level 8. HP: 40/61 MP: 0/0
  4768 | D:6      | Killed a wraith
  4769 | D:6      | Reached skill level 6 in Fighting
  4851 | D:6      | Found Niex's Assorted Antiques.
  4872 | D:6      | Killed from afar by a gnoll

Illustrated notes

Levels and vault maps discovered:
D:1:      grunt_arrival_crossed_arrows, layout_loops_ring, serial_bayou,
          serial_bayou_pond_d, serial_bayou_crossing, serial_bayou_pond_b,
          serial_bayou_pond_c, serial_shops, nicolae_square_shop
D:2:      layout_loops_cross, minmay_misc_feat_four_crosses
D:3:      kennysheep_six_static_rooms, layout_loops_corners,
          nicolae_ashenzari_skybound, serial_glass, glass_columns_c,
          glass_columns_b, shapermc_ecumenical_altar_pompeii
D:4:      layout_cave_pods, serial_shops, nicolae_square_shop,
          corexii_leaking_fountain, minivault_5, uniq_robin
D:5:      layout_basic, mainiacjoe_overflow_surrounded_room, serial_shops, shop,
          nicolae_shop_getting_attention
D:6:      layout_gridville, minmay_temple_entry_statues_pillars, serial_shops,
          shop, nicolae_shop_temple_entry_statues_fountains, shop,
          nicolae_shop_overgrown_old_shop, gammafunk_ghost_necromancy,
          minmay_chambers_of_fives, uniq_edmund

Skill      XL: |  1  2  3  4  5  6  7  8 |
---------------+-------------------------+-----
Long Blades    | 3 4 5 |  5.5
Fighting       | 4 5 6 |  6.1
Spellcasting   | 3 4 |  4.1
Conjurations   | 3 4 |  4.1
Hexes          | 3 4 |  4.1
Summonings     | 3 4 |  4.1
Necromancy     | 3 4 |  4.1
Translocations | 3 4 |  4.1
Transmutations | 3 4 |  4.1
Fire Magic     | 3 4 |  4.1
Ice Magic      | 3 4 |  4.1
Air Magic      | 3 4 |  4.1
Earth Magic    | 3 4 |  4.1
Poison Magic   | 3 4 |  4.1

Action                     |  1- 3 |  4- 6 |  7- 9 || total
---------------------------+-------+-------+-------++-------
  Melee: Falchion          |    40 |     3 |     1 ||    44
   Cast: Scorch            |    34 |    70 |    30 ||   134
 Invoke: Foxfire Swarm     |       |     3 |     4 ||     7
 Armour: Robe              |    24 |    15 |    21 ||    60
  Dodge: Dodged            |    25 |    14 |    16 ||    55

Table legend: (Time is in decaauts)
 A = Elapsed time spent in this place.
 B = Non-inter-level travel time spent in this place.
 C = Inter-level travel time spent in this place.
 D = Time resting spent in this place.
 E = Time spent auto-exploring this place.
 F = Levels seen in this place.
 G = Mean time per level.
                   A        B        C        D        E       F      G
               +--------+--------+--------+--------+--------+-----+--------+
         Total |   4887 |   4740 |    147 |      0 |   4189 |   6 |  814.5 |
       Dungeon |   4887 |   4740 |    147 |      0 |   4189 |   6 |  814.5 |
               +--------+--------+--------+--------+--------+-----+--------+

Top non-repeatable levels by time:
     D:3: 1203 daAuts
     D:4: 1157 daAuts
     D:1: 1091 daAuts
     D:2: 738 daAuts
     D:5: 537 daAuts
     D:6: 158 daAuts
